 Dungeon Crawl Stone Soup version coffee-0.2.0 (webtiles) character file.

Game seed: 9769324746311190135, levelgen mode: deterministic

951 Dorkslayer the Slasher (level 7, 0/58 HPs)
             Began as a Demigod Fighter on Oct 17, 2020.
             Killed by divine providence
             ... invoked by an orc priest
              (16 damage)
             ... on level 6 of the Dungeon.
             The game lasted 00:24:41 (4597 turns).

Dorkslayer the Slasher (Demigod Fighter)            Turns: 4597, Time: 00:24:41

Health: 0/58       AC: 19    Str: 23    XL:     7   Next: 59%
Magic:  11/11      EV:  7    Int: 12    God:
Gold:   159        SH: 10    Dex: 12    Spells: 6/6 levels left

rFire    . . .     SeeInvis .   a - +0 long sword
rCold    + + +     Gourm    .   c - +0 kite shield
rNeg     + + .     Faith    .   q - +0 plate armour "Wizxuax" {rPois rC+++ rN+ Dex-3}
rPois    +         Spirit   .   k - +0 helmet (curse)
rElec    .         Reflect  .   w - +0 cloak
rCorr    .         Harm     .   A - +0 pair of gloves
MR       .....                  (no boots)
Stlth    ..........             (no amulet)
HPRegen  0.19/turn              C - ring of positive energy
MPRegen  0.12/turn              E - +3 ring of protection

@: mighty
A: high mp 1
a: no special abilities


You were on level 6 of the Dungeon.
You were not hungry.

You visited 1 branch of the dungeon, and saw 6 of its levels.

You collected 328 gold pieces.
You spent 169 gold pieces at shops.

Inventory:

Hand Weapons
 a - a +0 long sword (weapon)
Missiles
 o - 10 poisoned darts (quivered)
 v - 9 boomerangs
Armour
 c - a +0 kite shield (worn)
 i - a +0 plate armour
 k - a cursed +0 helmet (worn)
 q - the +0 plate armour "Wizxuax" (worn) {rPois rC+++ rN+ Dex-3}
   (You found it on level 2 of the Dungeon)

   It affects your dexterity (-3).
   It renders you almost immune to cold.
   It protects you from poison.
   It protects you from negative energy.
 w - a +0 cloak (worn)
 A - a +0 pair of gloves (worn)
Jewellery
 g - an uncursed ring of poison resistance
 C - a ring of positive energy (left hand)
 E - a +3 ring of protection (right hand)
Wands
 h - a wand of flame (7)
 B - a wand of random effects (12)
Scrolls
 l - 2 scrolls of blinking
 n - 4 scrolls of remove curse
 p - a scroll of amnesia
 t - a scroll of enchant armour
 y - 2 scrolls of teleportation
 z - 2 scrolls of immolation
 D - a scroll of magic mapping
 F - a scroll of enchant weapon
Potions
 b - 4 potions of curing
 m - a potion of stabbing
 r - a potion of berserk rage
 s - 2 potions of flight
 u - 3 potions of heal wounds
 x - a potion of invisibility
Miscellaneous
 e - a fan of gales (inert)
Comestibles
 f - 10 rations
 G - 2 chunks of flesh


   Skills:
 + Level 3.9(5.6) Fighting
 + Level 5.5 Long Blades
 + Level 0.6 Throwing
 + Level 3.9(5.6) Armour
 + Level 0.2(4.6) Dodging
 + Level 0.2(5.1) Stealth
 + Level 4.5(5.9) Shields
 * Level 2.4 Evocations


You had 6 spell levels left.
You didn't know any spells.
Your spell library contained the following spells:

 Spells                   Type           Power        Failure   Level  Hunger
 Corona                   Hex            #......      100%        1    None
 Ensorcelled Hibernation  Hex/Ice        #.....       100%        2    ##.....
 Confusing Touch          Hex            #.......     100%        3    ###....
 Dazzling Flash           Conj/Hex       #.....       100%        3    ###....
 Tukima's Dance           Hex            #.......     100%        3    ###....
 Ice Form                 Ice/Tmut       #.......     100%        4    ####...
 Metabolic Englaciation   Hex/Ice        #.........   100%        5    ######.
 Freezing Cloud           Conj/Ice/Air   #.........   100%        6    #######
 Ozocubu's Refrigeration  Ice            ##........   100%        6    #######
 Simulacrum               Ice/Necr       #.........   100%        6    #######


Dungeon Overview and Level Annotations

Branches:
Dungeon (6/10)             Temple (0/1) D:2

Shops:
D:2 (:(%   D:5 !


Innate Abilities, Weirdness & Mutations

You have an increased reservoir of magic. (+10% MP)


Message History

Your shield and plate armour "Wizxuax" prevent you from hitting the ogre.
The ogre is moderately wounded.
Your shield and plate armour "Wizxuax" prevent you from hitting the ogre.
The ogre is moderately wounded.
The ogre hits you with a +0 giant spiked club.
The orc priest mumbles some strange prayers to Beogh against you.
Beogh smites you!
You completely miss the ogre.
The ogre is moderately wounded.
The ogre barely misses you.
You riposte.
You closely miss the ogre.
The ogre is moderately wounded.
You hit the ogre.
The ogre is moderately wounded.
The ogre hits you with a +0 giant spiked club!
* * * LOW HITPOINT WARNING * * *
You slash the ogre!
The ogre is almost dead.
The orc priest mumbles some strange prayers to Beogh against you.
Beogh smites you!
You die...

#.# # . #.#.#.... ..
......... ..# # #
.###.###.# ###.# .#.#
.#.....#.. ..<.. (#.##
.#.....#.#.#.#.# #....
...>.......#.#.. .h.
.#.....#.....#.####.#####
.#.....#...#.#..@Oo(....#
.###.###.....#.####.###.#
......................
.....#####.#.######O###
.........#.#.###.# .#
..#...####.#.....##.#
.....................
..##..####..........#
#.##..# ####.......


You could see an ogre and an orc priest.

Vanquished Creatures
  A sky beast (D:5)
  A black bear (D:6)
  A phantom (D:4)
  A scorpion (D:5)
  A water moccasin skeleton (D:6)
  An iron imp (D:5)
  A jelly (D:6)
  Crazy Yiuf (D:3)
  4 hounds
  An orc priest (D:4)
  An orc wizard (D:5)
  Jessica (D:3)
  An iguana (D:3)
  2 worker ants (D:5)
  A hound skeleton (D:4)
  11 adders
  2 shadow imps (D:4)
  An ooze (D:3)
  3 worms
  A dart slug (D:2)
  A leopard gecko (D:3)
  8 orcs
  2 ball pythons (D:1)
  A giant cockroach (D:2)
  4 goblins
  15 hobgoblins
  5 jackals
  A quokka (D:3)
  9 bats
  5 frilled lizards
  A goblin zombie (D:5)
  2 hobgoblin zombies (D:5)
  8 kobolds
  A kobold skeleton (D:5)
  3 orc skeletons (D:5)
  An orc zombie (D:5)
  4 rats
108 creatures vanquished.

Notes
Turn   | Place    | Note
-------+----------+-------------------------------------------
     0 | D:1      | Dorkslayer the Demigod Fighter began the quest for the Orb.
     0 | D:1      | Reached XP level 1. HP: 18/18 MP: 3/3
   190 | D:1      | Reached skill level 2 in Long Blades
   318 | D:1      | Reached XP level 2. HP: 20/25 MP: 4/4
   764 | D:2      | Got the +0 plate armour "Wizxuax" {rPois rC+++ rN+ Dex-3}
   845 | D:2      | Found a staircase to the Ecumenical Temple.
   911 | D:2      | Found a blossoming altar of Fedhas.
   912 | D:2      | Found a basalt altar of Yredelemnul.
  1008 | D:2      | Found Weyz's Book Boutique.
  1028 | D:2      | Found Ufuomm's Food Emporium.
  1094 | D:2      | Reached XP level 3. HP: 31/31 MP: 5/5
  1098 | D:2      | Found Koamir's Antique Weapon Boutique.
  1325 | D:2      | Found Notiuggo's Antique Weapon Boutique.
  2253 | D:3      | Reached XP level 4. HP: 38/38 MP: 6/6
  2258 | D:3      | Reached skill level 3 in Long Blades
  2316 | D:3      | Found a bloodstained altar of Trog.
  2334 | D:3      | Found a white marble altar of Elyvilon.
  2466 | D:3      | Found a runed translucent door.
  2467 | D:3      | Noticed Crazy Yiuf
  2484 | D:3      | Killed Crazy Yiuf
  2607 | D:3      | Noticed Jessica
  2613 | D:3      | Killed Jessica
  2613 | D:3      | Reached XP level 5. HP: 26/45 MP: 7/7
  2812 | D:4      | Found a transporter.
  2852 | D:4      | Found a transporter.
  3067 | D:4      | Noticed a phantom
  3134 | D:4      | Killed a phantom
  3134 | D:4      | Reached skill level 4 in Long Blades
  3164 | D:4      | Reached XP level 6. HP: 34/51 MP: 7/9
  3204 | D:4      | Reached skill level 1 in Evocations
  3637 | D:5      | Entered Level 5 of the Dungeon
  3659 | D:5      | Found Jicrinyf's Distillery.
  3665 | D:5      | Bought 2 potions of heal wounds for 130 gold pieces
  3665 | D:5      | Bought a potion of curing for 39 gold pieces
  3690 | D:5      | Found a glowing golden altar of the Shining One.
  3887 | D:5      | Reached XP level 7. HP: 56/58 MP: 9/11
  3944 | D:5      | Reached skill level 5 in Long Blades
  4460 | D:6      | Found an opulent altar of Gozag.
  4597 | D:6      | Killed from afar by an orc priest

Levels and vault maps discovered:
D:1:      wander_arrival_chamber, layout_basic
D:2:      layout_basic, gammafunk_temple_overflow_statue,
          minmay_temple_entry_mist, serial_shops, shop,
          nicolae_shop_statue_plus, nicolae_shop_temple_entry_statues_fountains,
          kennysheep_mini_moat
D:3:      layout_rooms, bloody_trog, elyvilon_altar_3, first_ration,
          uniq_jessica, uniq_crazy_yiuf_cottage
D:4:      gammafunk_wand_slinger, layout_cave_pools, minmay_mini_jars
D:5:      layout_basic, serial_shops,
          nicolae_shop_temple_entry_statues_fountains,
          nicolae_tso_besieged_by_evil
D:6:      layout_basic, grunt_temple_overflow_order_and_chaos_2,
          kennysheep_mini, serial_shops, nicolae_shop_crystal,
          nicolae_wand_duel, st_stairs_3, nrook_mini_vaults,
          nicolae_gozag_cash_rules_everything_around_me

Skill      XL: |  1  2  3  4  5  6  7 |
---------------+----------------------+-----
Long Blades    | 2 3 4 5 |  5.5
Armour         | 3 |  3.9
Fighting       | 3 |  3.9
Shields        | 3 4 |  4.5
Evocations     | 1 2 |  2.4
Throwing       | |  0.6
Dodging        | |  0.2
Stealth        | |  0.2

Action                   |  1- 3 |  4- 6 |  7- 9 || total
-------------------------+-------+-------+-------++-------
Melee: Long sword        |   169 |   253 |    88 ||   510
Throw: Dart              |     4 |     6 |    10 ||    20
Evoke: Wand              |       |     7 |       ||     7
       Fan of gales      |       |     1 |       ||     1
  Use: Potion            |       |       |     1 ||     1
 Stab: Invisible         |       |     1 |       ||     1
       Confused          |       |       |     1 ||     1
  Eat: Chunk             |     5 |     5 |       ||    10
       Ration            |       |       |     1 ||     1
Armor: Scale mail        |    12 |       |       ||    12
       Plate armour      |    94 |   140 |    49 ||   283
Dodge: Dodged            |    44 |    65 |    28 ||   137
Block: Kite shield       |    96 |   133 |    42 ||   271
       Rpst.: Long sword |    15 |    22 |     7 ||    44
